 Dungeon Crawl Stone Soup version 0.23-a0-241-g3b46b07 (webtiles) character file.

443 iamserjio the Ducker (level 6, -4/28 HPs)
             Began as a Spriggan Conjurer on Sept 27, 2018.
             Killed by divine providence
             ... invoked by an orc priest
              (15 damage)
             ... on level 4 of the Dungeon.
             The game lasted 00:11:06 (4332 turns).

iamserjio the Ducker (Spriggan Conjurer)            Turns: 4332, Time: 00:11:07

Health: -4/28      AC:  2    Str:  4    XL:     6   Next: 71%
Magic:  11/14      EV: 21    Int: 19    God:
Gold:   190        SH:  0    Dex: 16    Spells: 11/14 levels left

rFire    . . .     SeeInvis +   d - +2 dagger (protect)
rCold    . . .     Gourm    .   (shield restricted)
rNeg     . . .     Faith    .   a - +0 robe
rPois    .         Spirit   .   (helmet restricted)
rElec    .         Reflect  .   (no cloak)
rCorr    .         Harm     .   (gloves unavailable)
MR       +....                  (boots unavailable)
Stlth    ++........             (no amulet)
HPRegen  0.09/turn              (no ring)
MPRegen  0.14/turn              (no ring)

@: very quick
A: very small, unfitting armour, see invisible, herbivore, speed 3, slow
metabolism 2
a: no special abilities


You were on level 4 of the Dungeon.
You were hungry.

You visited 1 branch of the dungeon, and saw 4 of its levels.

You collected 190 gold pieces.

Inventory:

Hand Weapons
 d - a +2 dagger of protection (weapon)
 e - a +0 vampiric dagger
 s - a +0 hunting sling
 A - a +1 flail of protection
Missiles
 b - 129 stones (quivered)
 g - 35 bolts
 q - 13 sling bullets
Armour
 a - a +0 robe (worn)
Jewellery
 f - a +4 amulet of reflection {unknown}
 l - an uncursed ring of positive energy {unknown}
 n - an uncursed ring of protection from magic {unknown}
Scrolls
 h - 2 scrolls of teleportation {unknown}
 j - a scroll of enchant armour {unknown}
 k - 2 scrolls of blinking {unknown}
 p - a scroll of enchant weapon {unknown}
 t - a scroll of random uselessness {unknown}
 u - 2 scrolls of fear {unknown}
 v - a scroll of amnesia {unknown}
 y - 2 scrolls of identify {unknown}
Potions
 i - 2 potions of haste {unknown}
 m - a potion of mutation {unknown}
 o - 2 potions of curing {unknown}
 r - a potion of resistance {unknown}
 w - a potion of brilliance {unknown}
 x - 2 potions of heal wounds {unknown}
 z - 2 potions of lignification {unknown}
Comestibles
 c - 6 rations


   Skills:
 + Level 5.8 Dodging
 - Level 3.0 Stealth
 + Level 4.9 Spellcasting
 * Level 4.8 Conjurations


You had 11 spell levels left.
You knew the following spells:

 Your Spells              Type           Power        Failure   Level  Hunger
a - Magic Dart            Conj           ###.         1%          1    None
b - Searing Ray           Conj           ###...       2%          2    #......

Your spell library contained the following spells:

 Spells                   Type           Power        Failure   Level  Hunger
 Dazzling Spray           Conj/Hex       ##....       14%         3    ##.....
 Iskenderun's Mystic Bla  Conj           ###.....     17%         4    ####...
 Force Lance              Conj/Tloc      ##......     43%         4    ####...
 Fulminant Prism          Conj/Hex       ##........   43%         4    ####...


Dungeon Overview and Level Annotations

Branches:
Dungeon (4/15)
 Temple: D:4-7

Altars:
Makhleb
Okawaru
Vehumet

Shops:
D:4 [

Annotations:
D:2 Sigmund
D:4 2 transporters


Innate Abilities, Weirdness & Mutations

You are very small and have problems with some larger weapons.
You are too small for most types of armour.
You have supernaturally acute eyesight. (SInv)
You are a herbivore.
You cover ground extremely quickly.
You need to consume almost no food.


Message History

Aiming: Magic Dart (safe; 1% risk of failure)
Aim: an orc priest (hasn't noticed you)
The magic dart hits the orc priest.
The orc priest shouts!
The orc priest looks encouraged for a moment.
Casting: Magic Dart (safe; 1% risk of failure)
Aiming: Magic Dart (safe; 1% risk of failure)
Aim: an orc priest (moderately wounded)
The magic dart hits the orc priest.
The orc priest invokes the aid of Beogh against you.
Beogh smites you!
Ouch! That really hurt!
Casting: Magic Dart (safe; 1% risk of failure)
Aiming: Magic Dart (safe; 1% risk of failure)
Aim: an orc priest (moderately wounded)
The magic dart hits the orc priest.
The orc priest invokes the aid of Beogh against you.
Beogh smites you!
Ouch! That really hurt!
You die...

#.##.##[###....###.####
..........[...÷..##.#
.###############.##.#
.#8P#;≈≈≈≈≈≈#P8#....#
.#..#..≈≈≈P≈#..#...##
©#©/+$.≈♣≈P≈+(©#©..#
.#..#..≈≈≈≈;#..#..##
#8P#≈≈≈≈≈≈;#P8#.##
##############@# %.
.o.......# .#
###...#### ..# #...
..### #... ....#### #..
....#.. .. ...... ....#


You could see 2 electric eels and an orc priest.

Vanquished Creatures
  Edmund (D:4)
  An ogre (D:4)
  An orc priest (D:4)
  2 orc wizards (D:4)
  A worker ant (D:4)
  5 adders
  An ooze (D:3)
  5 dart slugs
  2 leopard geckos (D:1)
  7 orcs
  8 bats
  3 giant cockroaches
  8 goblins
  7 hobgoblins
  6 jackals
  3 quokkas
  4 ball pythons (D:2)
  4 frilled lizards
  A jackal skeleton (D:4)
  7 kobolds
  12 rats
89 creatures vanquished.

Notes
Turn   | Place    | Note
-------+----------+-------------------------------------------
     0 | D:1      | iamserjio the Spriggan Conjurer began the quest for the
                  | Orb.
     0 | D:1      | Reached XP level 1. HP: 9/9 MP: 5/5
   346 | D:1      | Reached XP level 2. HP: 13/13 MP: 2/6
  1134 | D:1      | Reached XP level 3. HP: 16/16 MP: 3/8
  1180 | D:1      | Learned a level 2 spell: Searing Ray
  1628 | D:2      | Noticed Sigmund
  1929 | D:2      | Reached skill level 4 in Dodging
  2129 | D:2      | Found a radiant altar of Vehumet.
  2129 | D:2      | Found a burning altar of Makhleb.
  2436 | D:3      | Reached XP level 4. HP: 21/21 MP: 2/10
  3055 | D:3      | Found an iron altar of Okawaru.
  3600 | D:4      | Found Yzxiet's Antique Armour Shoppe.
  3612 | D:4      | Reached XP level 5. HP: 24/24 MP: 4/12
  3670 | D:4      | Noticed an ogre
  3674 | D:4      | Noticed Edmund
  3677 | D:4      | Killed an ogre
  3677 | D:4      | Reached skill level 5 in Dodging
  3812 | D:4      | Found a transporter.
  3812 | D:4      | Found a transporter.
  3827 | D:4      | Reached XP level 6. HP: 28/28 MP: 4/13
  3985 | D:4      | Killed Edmund
  4332 | D:4      | Killed from afar by an orc priest

Vault maps used:
D:1:      dpeg_arrival_castle
D:2:      gammafunk_temple_overflow_wave, first_ration,
          minmay_shallow_snake_nest, uniq_sigmund
D:3:      okawaru_metal_pillars_1_2
D:4:      gammafunk_steamed_eel, zin_statuary, minmay_temple_entry_purple_smoke,
          serial_shops, shop, shop, uniq_edmund, uniq_natasha

Skill      XL: |  1  2  3  4  5 |
---------------+----------------+-----
Conjurations   | 3 4 |  4.8
Spellcasting   | 3 4 |  4.9
Dodging        | 4 5 |  5.8
Stealth        | |  3.0

Action                   |  1- 3 |  4- 6 || total
-------------------------+-------+-------++-------
Melee: Unarmed           |     5 |       ||     5
       Dagger            |    16 |    17 ||    33
 Cast: Magic Dart        |   111 |    87 ||   198
       Searing Ray       |       |     8 ||     8
Armor: Robe              |     5 |     4 ||     9
Dodge: Dodged            |    27 |    27 ||    54

Table legend:
 A = Non-vault XP
 B = Vault XP
 C = Vault XP percentage of total XP
 D = Non-vault monster count
 E = Vault monster count
 F = Vault count percentage of total count
                 A         B        C        D         E       F
            +---------+---------+-------+---------+---------+-------
      Total |     459 |     175 |  27.6 |      83 |       6 |   6.7
            +---------+---------+-------+---------+---------+-------
        D:1 |      41 |       0 |   0.0 |      23 |       0 |   0.0
        D:2 |      33 |      18 |  35.3 |      17 |       5 |  22.7
        D:3 |      95 |       0 |   0.0 |      31 |       0 |   0.0
        D:4 |     290 |     157 |  35.1 |      12 |       1 |   7.7
            +---------+---------+-------+---------+---------+-------
